 Dungeon Crawl Stone Soup version 0.24.0-13-gcf9b3192b9 (webtiles) character file.

Game seed: 15590529754568986986, levelgen mode: deterministic

126 Aviak the Caller (level 5, -2/45 HPs)
             Began as a Ghoul Summoner on Nov 5, 2019.
             Slain by a gnoll
             ... wielding a +0 spear
              (4 damage)
             ... on level 3 of the Dungeon.
             The game lasted 00:06:04 (3707 turns).

Aviak the Caller (Ghoul Summoner)                   Turns: 3707, Time: 00:06:04

Health: -2/45      AC:  5    Str: 11 (13) XL:     5   Next: 9%
Magic:  6/6        EV: 11    Int: 10      God:
Gold:   124        SH:  0    Dex:  9      Spells: 6/7 levels left

rFire    . . .     SeeInvis .   l - +0 flail
rCold    + . .     Gourm    .   (no shield)
rNeg     + + +     Faith    .   i - +0 ring mail
rPois    ∞         Spirit   .   (no helmet)
rElec    .         Reflect  .   (no cloak)
rCorr    .         Harm     .   (no gloves)
MR       .....                  (no boots)
Stlth    +.........             (no amulet)
HPRegen  0.00/turn              f - ring of flight
MPRegen  0.10/turn              (no ring)

@: very slightly contaminated, rotting, invisible
A: rotting body, claws 1, carnivore, cold resistance 1, negative energy
resistance 3, inhibited regeneration, torment resistance, unbreathing
a: Evoke Flight


You were on level 3 of the Dungeon.
You were not hungry.

You visited 1 branch of the dungeon, and saw 3 of its levels.

You collected 124 gold pieces.

Inventory:

Hand Weapons
 b - a +0 dagger
 g - a +0 short sword
 l - a +0 flail (weapon)
Armour
 a - a +0 robe
 i - a +0 ring mail (worn)
Jewellery
 f - a ring of flight (left claw)
Scrolls
 d - a scroll of identify {unknown}
 e - a scroll of enchant weapon {unknown}
 j - a scroll of fog {unknown}
Potions
 k - a potion of lignification {!q}
Comestibles
 c - 6 rations
 h - 3 chunks of flesh


   Skills:
 + Level 3.2 Fighting
 + Level 0.6 Maces & Flails
 + Level 0.6 Armour
 + Level 3.3 Dodging
 - Level 2.1 Stealth
 - Level 1.7 Spellcasting
 - Level 3.6 Summonings


You had 6 spell levels left.
You knew the following spells:

 Your Spells              Type           Power        Failure   Level  Hunger
a - Summon Small Mammal   Summ           #...         19%         1    ##.....

Your spell library contained the following spells:

 Spells                   Type           Power        Failure   Level  Hunger
 Call Imp                 Summ           #.......     26%         2    ###....
 Call Canine Familiar     Summ           #.......     47%         3    ####...
 Summon Guardian Golem    Hex/Summ       #.......     75%         3    ####...
 Summon Ice Beast         Ice/Summ       #.......     98%         4    #####..
 Summon Lightning Spire   Summ/Air       #.......     98%         4    #####..


Dungeon Overview and Level Annotations

Branches:
Dungeon (3/15)

Altars:
Gozag
Vehumet


Innate Abilities, Weirdness & Mutations

Your body is rotting away.
You thrive on raw meat.
You are immune to poison.
You have sharp fingernails.
You are carnivorous and can eat meat at any time.
Your flesh is cold resistant. (rC+)
You are immune to negative energy. (rN+++)
You do not regenerate when monsters are visible.
You are immune to unholy pain and torment.
You can survive without breathing.


Message History

The gnoll hits you but does no damage. The gnoll completely misses you.
You thump the gnoll!
You kill the gnoll!
The gnoll barely misses you. x2
The gnoll barely misses you.
You see here a +0 flail.
You thump the gnoll!
The gnoll is severely wounded.
The gnoll hits you with a +0 spear.
* * * LOW HITPOINT WARNING * * *
You hit the gnoll.
The gnoll is almost dead.
The gnoll completely misses you.
Unknown command.
You closely miss the gnoll.
The gnoll is almost dead.
The gnoll hits you with a +0 spear.
* * * LOW HITPOINT WARNING * * *
The gnoll hits you with a +0 spear.
You die...

#.......... ##### #........##
....# #.......... ....#
#.......... ....####
#.......... .......####
#.......... .......+..##
#..........
.......##..########..........
................@gg..........
...........########........##
...........######......##+##
)......................#
)......................#
..........#............#
.##'###...#.#####.....%#
.##....#+##........#+###
.#.....#.##..).......


You could see 2 gnolls.

Vanquished Creatures
  2 adders
  2 gnolls (D:3)
  2 oozes (D:1)
  A worm (D:2)
  2 leopard geckos
  5 orcs (D:3)
  2 ball pythons
  4 giant cockroaches
  7 goblins
  5 hobgoblins
  A quokka (D:2)
  8 bats
  4 frilled lizards
  2 kobolds (D:1)
  6 rats
53 creatures vanquished.

Vanquished Creatures (collateral kills)
  2 adders (D:2)
  2 hobgoblins
  2 goblins
6 creatures vanquished.

Grand Total: 59 creatures vanquished

Notes
Turn   | Place    | Note
-------+----------+-------------------------------------------
     0 | D:1      | Aviak the Ghoul Summoner began the quest for the Orb.
     0 | D:1      | Reached XP level 1. HP: 14/14 MP: 2/2
    46 | D:1      | Reached skill level 1 in Fighting
    46 | D:1      | Reached XP level 2. HP: 21/23 MP: 3/3
   620 | D:1      | Reached XP level 3. HP: 24/26 MP: 4/4
  2084 | D:2      | Found an opulent altar of Gozag.
  2090 | D:2      | Found a radiant altar of Vehumet.
  2455 | D:2      | Reached XP level 4. HP: 33/34 MP: 2/5
  3675 | D:3      | Reached XP level 5. HP: 27/45 MP: 6/6
  3707 | D:3      | HP: 2/45 [gnoll/+0 spear (6)]
  3707 | D:3      | Slain by a gnoll

Levels and vault maps discovered:
D:1:      erik_arrival_gehennom, layout_loops_ring
D:2:      layout_basic, chequers_temple_overflow_statue_of_worship
D:3:      layout_basic, st_stairs_14

Skill      XL: |  1  2  3  4 |
---------------+-------------+-----
Fighting       | 1 2 3 |  3.2
Dodging        | 2 3 |  3.3
Maces & Flails | |  0.6
Armour         | |  0.6
Stealth        | |  2.1
Spellcasting   | |  1.7
Summonings     | |  3.6

Action                   |  1- 3 |  4- 6 || total
-------------------------+-------+-------++-------
Melee: Dagger            |   124 |       ||   124
       Unarmed           |     6 |       ||     6
       Short sword       |    35 |    77 ||   112
       Flail             |       |    50 ||    50
 Cast: Summon Small Mamm |    13 |    23 ||    36
  Use: Potion            |     1 |     4 ||     5
 Stab: Sleeping          |     5 |       ||     5
       Distracted        |     1 |     1 ||     2
  Eat: Chunk             |     6 |     6 ||    12
Armor: Robe              |    42 |     6 ||    48
       Ring mail         |       |    25 ||    25
Dodge: Dodged            |   129 |    97 ||   226
